 Dungeon Crawl Stone Soup version 0.29-a0-998-g1987434951 (webtiles) character file.

Game seed: 7082123820605521088

914 voltaire321 the Stinger (level 8, -5/58 HPs)
             Began as a Merfolk Venom Mage on Aug 5, 2022.
             Slain by a steam dragon (6 damage)
             ... on level 4 of the Dungeon.
             The game lasted 00:21:44 (5408 turns).

voltaire321 the Stinger (Merfolk Venom Mage)        Turns: 5408, Time: 00:21:45

Health: -5/58      AC:  6    Str: 14    XL:     8   Next: 9%
Magic:  10/12      EV: 14    Int: 19    God:
Gold:   177        SH:  0    Dex: 15    Spells: 8/13 levels left

rFire   . . .      SeeInvis .   a - +9 hammer of Evolution {flame, Int+3}
rCold   . . .      Faith    .   (no shield)
rNeg    . . .      Spirit   .   p - +1 robe {Will+}
rPois   .          Reflect  .   (no helmet)
rElec   .          Harm     .   d - +0 cloak
rCorr   .          Rampage  .   o - +0 pair of gloves
Will    +....                   m - +0 pair of boots
Stlth   +++.......              (no amulet)
HPRegen 0.19/turn               n - +6 ring of strength
MPRegen 0.13/turn               (no ring)

@: studying Armour
A: (nimble swimmer 2), mertail
a: no special abilities


You were on level 4 of the Dungeon.
You visited 1 branch of the dungeon, and saw 4 of its levels.
You also visited: Sewer.

You collected 177 gold pieces.

Inventory:

Hand Weapons
 a - the +9 hammer of Evolution (weapon) {flame, Int+3}
   (You found it on level 3 of the Dungeon)

   It burns those it strikes, dealing additional fire damage.
   Int:       It affects your intelligence (+3).
Missiles
 r - 2 throwing nets
Armour
 d - a +0 cloak (worn)
 m - a +0 pair of boots (worn)
 o - a +0 pair of gloves (worn)
 p - a +1 robe of willpower (worn)
Jewellery
 n - a +6 ring of strength (left hand)
Scrolls
 c - 3 scrolls of identify
 g - a scroll of magic mapping {unknown}
 h - a scroll of blinking {unknown}
 k - a scroll of enchant armour {unknown}
 q - a scroll of acquirement {unknown}
Potions
 b - 2 potions of magic
 e - 5 potions of heal wounds
 i - a potion of attraction {unknown}
 j - 2 potions of haste {unknown}
 l - a potion of mutation {unknown}
 s - a potion of might {unknown}


   Skills:
 + Level 3.0 Fighting
 + Level 1.0 Armour
 + Level 4.8 Dodging
 - Level 4.0 Stealth
 + Level 3.1 Spellcasting
 + Level 1.9 Conjurations
 + Level 1.7 Hexes
 + Level 4.1 Transmutations
 + Level 2.0 Ice Magic
 - Level 2.0 Air Magic
 + Level 4.8 Poison Magic


You had 8 spell levels left.
You knew the following spells:

 Your Spells              Type           Power      Damage    Failure   Level
a - Sting                 Tmut/Pois      80%        1d7       2%          1
b - Poisonous Vapours     Pois/Air       30%        N/A       5%          2
c - Ensorcelled Hibernat  Hex/Ice        20%        N/A       11%         2

Your spell library contained the following spells:

 Spells                   Type           Power      Damage    Failure   Level
 Shock                    Conj/Air       40%        1d5       7%          1
 Passwall                 Tmut/Erth      8%         N/A       10%         2
 Mephitic Cloud           Conj/Pois/Air  14%        N/A       14%         3
 Swiftness                Air            10%        N/A       21%         3
 Olgreb's Toxic Radiance  Pois           21%        N/A       21%         4
 Tukima's Dance           Hex            9%         N/A       22%         3
 Portal Projectile        Hex/Tloc       12%        N/A       32%         3
 Gell's Gravitas          Tloc           2%         N/A       41%         3
 Lesser Beckoning         Tloc           2%         N/A       41%         3
 Teleport Other           Tloc           2%         N/A       41%         3
 Airstrike                Air            5%         2d(1-17)  54%         4
 Blade Hands              Tmut           9%         N/A       61%         5
 Simulacrum               Ice/Necr       3%         N/A       100%        6
 Starburst                Conj/Fire      3%         6d3       100%        6
 Infestation              Necr           1%         N/A       100%        8


Dungeon Overview and Level Annotations

Branches:
Dungeon (4/15)              Sewer (visited)
 Temple: D:4-7

Altars:


Innate Abilities, Weirdness & Mutations

((You are very nimble when in or above water. (Stealth+, EV+, Speed+++)))
Your lower body shifts to a powerful aquatic tail in water.


Message History

The ball of steam misses you.
You are engulfed in a cloud of scalding steam.
Casting: Poisonous Vapours (safe; 5% risk of failure)
Confirm with . or Enter, or press ? or * to list all spells.
Aiming: Poisonous Vapours (safe; 5% risk of failure)
Press: ? - help, Dir - move target, f/p - steam dragon
Aim: a steam dragon (lightly wounded, poisoned) Poisonous vapours surround the steam dragon!
The steam dragon looks even sicker.
The steam dragon breathes steam at you. The ball of steam misses you.
You are engulfed in a cloud of scalding steam.
You closely miss the steam dragon.
The steam dragon is moderately wounded.
You are engulfed in a cloud of scalding steam.
The steam dragon breathes steam at you. The ball of steam hits you!!
The steam dragon bites you. The steam dragon misses you.
You hear an angry hiss.
You barely miss the steam dragon.
The steam dragon is moderately wounded.
You are engulfed in a cloud of scalding steam.
The steam dragon closely misses you. The steam dragon misses you.
You closely miss the steam dragon.
The steam dragon is moderately wounded.
The steam dragon looks more healthy.
The steam dragon misses you. x2
The steam dragon bites you. The steam dragon claws you.
* * * LOW HITPOINT WARNING * * *
You closely miss the steam dragon.
The steam dragon is moderately wounded.
The steam dragon breathes steam at you. The ball of steam hits you!
* * * LOW HITPOINT WARNING * * *
You hear a shout!
You hit the steam dragon. You burn the steam dragon.
The steam dragon is severely wounded.
You are engulfed in a cloud of scalding steam.
* * * LOW HITPOINT WARNING * * *
The steam dragon bites you.
You die...

..~≈.....~≈.# #..g...h #.....
..~......~≈.# #.###########+#..†
#.~≈.....~~.## #.# ####....).....
#.~~....D~~... #.# #.##.......#..
#.##~≈~~~##.D.##.###.##.......#..
#~##≈~~~~##§.........##.......#..
#............§##.###.##.......##.
##.#........ #D# #.##.......###
#.#........ #@###.............
....... #§.........##.#...
...#### #####.####.# .#.[. ...
#.# .....#... .. #+# .##.'... ..
.#... ##.#...


You could see a steam dragon (catching breath).

Vanquished Creatures
  A water moccasin (D:4)
  Duvessa (D:4)
  Pargi (Sewer)
  A phantom (D:4)
  Dowan (D:3)
  A jelly (D:4)
  Crazy Yiuf (D:3)
  A hound (D:4)
  A gnoll bouda (D:4)
  Jessica (D:1)
  2 iguanas (D:4)
  11 gnolls
  8 adders
  A white imp (D:3)
  2 worms
  5 dart slugs
  5 endoplasms
  3 giant cockroaches
  8 goblins
  10 hobgoblins
  7 jackals (D:1)
  13 kobolds
  8 quokkas
  9 ball pythons
  7 bats
  2 frilled lizards (D:1)
  7 rats
118 creatures vanquished.

Notes
Turn   | Place    | Note
-------+----------+-------------------------------------------
     0 | D:1      | voltaire321 the Merfolk Venom Mage began the quest for the
                  | Orb.
     0 | D:1      | Reached XP level 1. HP: 13/13 MP: 3/3
   165 | D:1      | Reached XP level 2. HP: 20/20 MP: 1/5
   168 | D:1      | Learned a level 2 spell: Poisonous Vapours
   318 | D:1      | Found a faded altar of an unknown god.
   663 | D:1      | Reached skill level 1 in Fighting
   663 | D:1      | Reached XP level 3. HP: 26/26 MP: 2/6
  1311 | D:2      | Noticed Jessica
  1318 | D:1      | Killed Jessica
  1319 | D:1      | Reached XP level 4. HP: 25/32 MP: 1/7
  2424 | D:2      | Reached XP level 5. HP: 34/37 MP: 1/8
  2542 | D:2      | Reached skill level 1 in Air Magic
  3074 | D:3      | Identified the +9 hammer of Evolution {flame, Int+3}
  3080 | D:3      | Found a runed translucent door.
  3081 | D:3      | Noticed Crazy Yiuf
  3091 | D:3      | Killed Crazy Yiuf
  3314 | D:3      | Reached XP level 6. HP: 39/44 MP: 6/10
  3691 | D:3      | Learned a level 2 spell: Ensorcelled Hibernation
  4046 | D:4      | Reached skill level 1 in Conjurations
  4053 | D:4      | Noticed a water moccasin
  4082 | D:4      | Noticed a steam dragon
  4356 | D:4      | Noticed Duvessa
  4356 | D:4      | Noticed Dowan
  4357 | D:4      | Found a glowing drain.
  4368 | D:4      | Killed Duvessa
  4369 | D:4      | Reached skill level 1 in Hexes
  4369 | D:4      | Reached skill level 1 in Ice Magic
  4369 | D:4      | Reached XP level 7. HP: 4/51 MP: 11/11
  4384 | D:4      | HP: 2/51 [ball python (3)]
  4386 | Sewer    | Entered a sewer
  4679 | Sewer    | Noticed Pargi
  4684 | Sewer    | Killed Pargi
  4694 | Sewer    | Got the Volume of Burning Iniquitous Rites
  4826 | D:3      | Killed Dowan
  5269 | D:4      | Reached XP level 8. HP: 58/58 MP: 3/12
  5296 | D:4      | Reached skill level 1 in Armour
  5408 | D:4      | HP: 1/58 [steam dragon] (2)]
  5408 | D:4      | Slain by a steam dragon

Illustrated notes

Levels and vault maps discovered:
D:1:      lemuel_arrival_funnel, layout_loops_ring,
          dreamdust_ecumenical_altar_angels_and_demons, hex_tiny, minivault_19
D:2:      layout_basic, chequers_jeans, uniq_jessica
D:3:      layout_basic, minmay_diced_spiral, uniq_crazy_yiuf_cottage
D:4:      minmay_wonky_spiral, layout_basic, tso_oasis_becter,
          cheibrodos_sewer_entry_sluice, minmay_manual_moon, uniq_duvessa

Skill      XL: |  1  2  3  4  5  6  7  8 |
---------------+-------------------------+-----
Fighting       | 1 2 3 |  3.0
Dodging        | 3 4 |  4.8
Transmutations | 2 3 4 |  4.1
Stealth        | 3 4 |  4.0
Air Magic      | 1 2 |  2.0
Poison Magic   | 4 |  4.8
Conjurations   | 1 |  1.9
Spellcasting   | 3 |  3.1
Hexes          | 1 |  1.7
Ice Magic      | 1 2 |  2.0
Armour         | 1 |  1.0

Action                   |  1- 3 |  4- 6 |  7- 9 || total
-------------------------+-------+-------+-------++-------
Melee: Short sword       |    37 |    42 |       ||    79
       Mace              |       |    42 |    41 ||    83
 Cast: Sting             |    48 |    60 |    12 ||   120
       Poisonous Vapours |     1 |    32 |    12 ||    45
  Use: Scroll            |       |     2 |       ||     2
       Potion            |       |       |     1 ||     1
 Stab: Sleeping          |       |     2 |     3 ||     5
Armor: Robe              |     8 |    30 |    20 ||    58
Dodge: Dodged            |    35 |    94 |    50 ||   179

Table legend: (Time is in decaauts)
 A = Elapsed time spent in this place.
 B = Non-inter-level travel time spent in this place.
 C = Inter-level travel time spent in this place.
 D = Time resting spent in this place.
 E = Time spent auto-exploring this place.
 F = Levels seen in this place.
 G = Mean time per level.
                   A        B        C        D        E       F      G
               +--------+--------+--------+--------+--------+-----+--------+
         Total |   5444 |   5348 |     96 |   2007 |   1931 |   5 | 1088.8 |
       Dungeon |   5059 |   4963 |     96 |   1726 |   1905 |   4 | 1264.8 |
         Sewer |    385 |    385 |      0 |    281 |     26 |   1 |  385.0 |
               +--------+--------+--------+--------+--------+-----+--------+

Top non-repeatable levels by time:
     D:3: 1555 daAuts
     D:1: 1447 daAuts
     D:2: 1276 daAuts
     D:4: 780 daAuts
   Sewer: 385 daAuts
